 Dungeon Crawl Stone Soup version 0.28.0-53-g5a82cb258f (webtiles) character file.

Game seed: 12741855942952814173

24353 DemonSlayer the Thaumaturge (level 12, -7/87 HPs)
             Began as a Demonspawn Fire Elementalist on Aug 10, 2022.
             Was the Champion of Cheibriados.
             Mangled by a death knight
             ... wielding a +4 glaive
              (25 damage)
             ... on level 11 of the Dungeon.
             The game lasted 00:51:17 (18989 turns).

DemonSlayer the Thaumaturge (DsFE)                 Turns: 18989, Time: 00:51:18

Health: -7/87      AC: 11    Str: 25    XL:     12   Next: 79%
Magic:  24/36      EV: 16    Int: 36    God:    Cheibriados [******]
Gold:   370        SH:  6    Dex: 32    Spells: 2/34 levels left

rFire   . . .      SeeInvis +   w - +2 hunting sling (vorpal)
rCold   . . .      Faith    .   (no shield)
rNeg    . . .      Spirit   .   c - +1 troll leather armour
rPois   .          Reflect  .   (helmet restricted)
rElec   .          Harm     .   i - +2 cloak of the Thief {*Fog Slay-2 SInv Stlth+}
rCorr   .          Rampage  .   B - +1 pair of gloves
Will    .....                   d - +0 pair of boots
Stlth   ++++......              K - amulet of regeneration
HPRegen 1.84/turn               C - +4 ring of slaying
MPRegen 0.25/turn               b - ring of Moral Flaws {MP+9 Dex+4}

@: very slow
A: antennae 1, large bone plates 2, demonic guardian 2, ignite blood 2,
screaming 1, evolution 1
a: Renounce Religion, Bend Time, Temporal Distortion, Slouch, Step From Time


You were on level 11 of the Dungeon.
You worshipped Cheibriados.
Cheibriados was exalted by your worship.
You visited 4 branches of the dungeon, and saw 17 of its levels.

You collected 1367 gold pieces.
You spent 997 gold pieces at shops.

Inventory:

Hand Weapons
 m - a +0 vorpal war axe
 w - a +2 vorpal hunting sling (weapon)
Missiles
 h - 345 stones (quivered ammo)
Armour
 a - a +0 robe
 c - a +1 troll leather armour (worn)
 d - a +0 pair of boots (worn)
 i - the +2 cloak of the Thief (worn) {*Fog Slay-2 SInv Stlth+}
   (You acquired it on level 6 of the Dungeon)

   It may release a thick cloud of smoke when the wearer is hurt.
   Slay:      It affects your accuracy & damage with ranged weapons and melee
   (-2).
   SInv:      It lets you see invisible.
   Stlth:     It makes you more stealthy.
 B - a +1 pair of gloves (worn)
 L - a scarf of shadows
Jewellery
 b - the ring of Moral Flaws (right hand) {MP+9 Dex+4}
   (You bought it in a shop on level 2 of the Orcish Mines)

   [ring of magical power]

   Dex:       It affects your dexterity (+4).
   MP:        It affects your magic capacity (+9).
 s - a +6 ring of intelligence
 y - a ring of resist corrosion
 C - a +4 ring of slaying (left hand)
 D - the necklace of Bloodlust {*Rage Will++ Int-3 Slay+6}
   (You found it on level 10 of the Dungeon)

   [amulet of nothing]

   It extends the wearer's berserk rage when killing foes.
   Int:       It affects your intelligence (-3).
   Slay:      It affects your accuracy & damage with ranged weapons and melee
   (+6).
   *Rage:     It berserks you when you make melee attacks (+50% chance).
   Will:      It greatly increases your willpower.
 K - an amulet of regeneration (around neck)
Wands
 k - a wand of flame (18)
 q - a wand of digging (18)
 t - a wand of mindburst (18)
 z - a wand of polymorph (4)
 E - a wand of iceblast (2) (quivered)
Scrolls
 l - a scroll of immolation
 o - a scroll of fear
 u - 2 scrolls of amnesia
 v - a scroll of silence
Potions
 f - 2 potions of attraction
 j - a potion of mutation
 p - 2 potions of magic
 F - 3 potions of brilliance


   Skills:
 + Level 5.7 Fighting
 + Level 2.7 Axes
 + Level 9.9 Slings
 - Level 0.3(6.2) Throwing
 + Level 0.3 Armour
 + Level 4.1 Dodging
 + Level 3.9 Stealth
 + Level 2.3 Shields
 + Level 11.6 Spellcasting
 + Level 2.4 Conjurations
 + Level 0.9 Hexes
 + Level 10.4 Fire Magic
 + Level 0.9 Ice Magic
 + Level 0.2 Evocations


You had 2 spell levels left.
You knew the following spells:

 Your Spells              Type           Power      Damage    Failure   Level
a - Foxfire               Conj/Fire      100%       2x1d9     1%          1
b - Scorch                Fire           100%       2d10      1%          2
c - Conjure Flame         Conj/Fire      61%        6-21      1%          3
d - Flame Wave            Conj/Fire      61%        2d12      1%          4
e - Ensorcelled Hibernat  Hex/Ice        54%        N/A       2%          2
f - Tukima's Dance        Hex            27%        N/A       4%          3
g - Anguish               Hex/Necr       12%        N/A       19%         4
h - Cause Fear            Hex            13%        N/A       16%         4
i - Simulacrum            Ice/Necr       12%        N/A       96%         6
j - Teleport Other        Tloc           20%        N/A       7%          3

Your spell library contained the following spells:

 Spells                   Type           Power      Damage    Failure   Level
 Shock                    Conj/Air       100%       1d9       1%          1
 Passwall                 Tmut/Erth      16%        N/A       3%          2
 Inner Flame              Hex/Fire       58%        N/A       1%          3
 Gell's Gravitas          Tloc           20%        N/A       7%          3
 Swiftness                Air            20%        N/A       7%          3
 Hailstorm                Conj/Ice       33%        3d8       11%         4
 Ice Form                 Ice/Tmut       24%        N/A       19%         4
 Airstrike                Air            10%        N/A       22%         4
 Dispersal                Tloc           10%        N/A       98%         6
 Enfeeble                 Hex            13%        N/A       100%        7
 Discord                  Hex            13%        N/A       100%        8


Dungeon Overview and Level Annotations

Branches:
Dungeon (11/15)            Temple (1/1) D:4            Lair (3/6) D:10
 Shoals (0/4) Lair:2          Orc (2/2) D:9             Elf (0/3) Orc:2
  Snake: Lair:2-4    Spider: Lair:2-4

Altars:
Cheibriados
Dithmenos
Elyvilon
Gozag
Hepliaklqana
Makhleb
Sif Muna
Uskayaw
Vehumet
Wu Jian
Beogh

Shops:
D:1 (   D:8 =   D:10 *   D:11 [(   Orc:2 =

Annotations:
Orc:1 3 runed translucent doors, Veisunni's ghost, journeyman MiFi
Orc:2 Saint Roka


Innate Abilities, Weirdness & Mutations

You have a pair of small antennae on your head.
You are mostly covered in large bone plates. (SH +6)
A demonic guardian rushes to your aid.
Your demonic aura often causes spilled blood to erupt in flames.
You occasionally shout uncontrollably at your foes.
You have hidden genetic potential.


Message History

The death knight offers itself to Yredelemnul, and fills with unholy energy.
The skeletal warrior misses you. You block the death knight's attack.
The skeletal warrior hits you from afar with a +0 glaive.
You block the death knight's attack.
You block the skeletal warrior's attack.
The death knight misses you.
You see here a sling bullet.
Okay, then.
Okay, then.
You fail to use your ability.
The skeletal warrior splashes around in the water.
The death knight closely misses you.
Okay, then.
A wave of flame ripples out! (Press . to intensify the flame waves.)
The skeletal warrior closely misses you.
You block the death knight's attack. Why would you want to do that?
You are engulfed in a cloud of scalding steam.
The skeletal warrior is engulfed in a cloud of scalding steam.
The skeletal warrior splashes around in the water.
The death knight is engulfed in a cloud of scalding steam.
The death knight hits you from afar with a +4 glaive!!
You see here a sling bullet.
You are too injured to fight recklessly!
The death knight is engulfed in a cloud of scalding steam.
The death knight closely misses you. You block the death knight's attack.
The death knight closely misses you.
You block the skeletal warrior's attack.
The death knight mumbles some strange prayers to Yredelemnul against you.
You struggle to resist.
The skeletal warrior hits you from afar with a +0 glaive!!
With a swish of your cloak, you release a cloud of fog.
The death knight hits you from afar with a +4 glaive.
The skeletal warrior hits you from afar with a +0 glaive!!
* * * LOW HITPOINT WARNING * * *
A demonic guardian appears!
The death knight hits you from afar with a +4 glaive!!
You die...

≈.≈≈≈≈≈≈≈≈≈≈≈≈..≈.........#
≈≈.........≈≈.≈...........#
≈≈...≈..∩...≈≈≈≈.≈...######
≈≈≈≈≈≈....≈...≈..≈...#
≈.≈.≈....≈≈...≈≈.....#
≈≈≈≈≈≈≈≈≈≈≈≈≈≈≈.§#§..#
..≈≈.≈..≈.≈≈...(§§§§.###
#.≈≈≈≈..≈...≈...3§§§§..#
#...............@§§§...#
#..######p§...# {{#§z...#
{#§§§..##### #.........##
#.....##...# #.....(....#
......# #..≈.(†(...# ......
#..≈(≈(...##


You could see a death knight and a friendly sixfirhy (summoned).

Vanquished Creatures
  An ogre mage (Orc:2)
  5 two-headed ogres
  A phantasmal warrior (D:10)
  Pikel (D:4)
  3 merfolk sirens (Lair:2)
  2 black mambas
  A gargoyle (D:11)
  A cane toad (Lair:3)
  3 komodo dragons (Lair:1)
  A merfolk (Lair:2)
  2 polar bears
  4 trolls
  A centaur simulacrum (D:11)
  A vampire (D:10)
  2 shadows
  A wraith (D:11)
  3 wyverns
  A water elemental (D:11)
  2 basilisks
  21 yaks
  A warg (Orc:1)
  Grum (D:10)
  11 water moccasins
  A sky beast (D:5)
  7 orc warriors
  2 ice beasts
  2 necrophages
  14 wolves
  4 ogres
  4 centaurs
  A lemure (D:4)
  2 phantoms
  A kobold brigand (D:9)
  12 bullfrogs
  A scorpion (D:5)
  A water moccasin skeleton (D:5)
  6 killer bees (D:9)
  3 howler monkeys
  2 electric eels
  5 centaur zombies
  2 bullfrog zombies (D:6)
  A jelly (D:3)
  8 hounds
  8 orc priests
  2 centaur skeletons
  A gnoll shaman (D:7)
  5 iguanas
  7 orc wizards
  A howler monkey zombie (D:9)
  Robin (D:4)
  8 gnolls
  5 adders
  2 ufetubi
  An adder skeleton (D:3)
  A worm (D:4)
  36 orcs
  5 ball pythons
  7 endoplasms
  4 giant cockroaches
  11 goblins
  4 hobgoblins
  3 jackals (D:2)
  9 kobolds
  4 quokkas
  7 bats
  4 frilled lizards
  4 rats
289 creatures vanquished.

Vanquished Creatures (collateral kills)
  A hydra (Lair:2)
  A two-headed ogre (D:10)
  A centaur zombie (D:10)
  A black mamba (Lair:3)
  A freezing wraith (D:11)
  A kobold demonologist (D:10)
  A troll (Orc:2)
  A wraith (D:11)
  A yak (D:9)
  An acid dragon (D:10)
  2 water moccasins (Lair:3)
  A black bear (D:6)
  An orc warrior (D:10)
  3 gnolls (D:3)
17 creatures vanquished.

Vanquished Creatures (others)
  An orc (D:9)
  241 foxfires
  11 fungi
  23 plants
276 creatures vanquished.

Grand Total: 582 creatures vanquished

Notes
Turn   | Place    | Note
-------+----------+-------------------------------------------
     0 | D:1      | DemonSlayer the Demonspawn Fire Elementalist began the
                  | quest for the Orb.
     0 | D:1      | Reached XP level 1. HP: 13/13 MP: 3/3
   464 | D:1      | Gained mutation: A weak demonic guardian rushes to your
                  | aid. [demonic ancestry]
   464 | D:1      | Reached XP level 2. HP: 19/19 MP: 3/5
   467 | D:1      | Learned a level 2 spell: Scorch
   698 | D:1      | Found Yvewapoun's Antique Weapon Boutique.
   916 | D:1      | Found a faded altar of an unknown god.
  1578 | D:2      | Reached XP level 3. HP: 24/24 MP: 6/6
  2071 | D:2      | Learned a level 3 spell: Conjure Flame
  2169 | D:3      | Reached skill level 1 in Slings
  2469 | D:3      | Gained mutation: A demonic guardian rushes to your aid.
                  | [demonic ancestry]
  2469 | D:3      | Reached XP level 4. HP: 30/30 MP: 7/7
  2703 | D:3      | Gained mutation: You are partially covered in large bone
                  | plates. (SH +4) [demonic ancestry]
  2703 | D:3      | Reached XP level 5. HP: 19/36 MP: 1/8
  3522 | D:4      | Found a staircase to the Ecumenical Temple.
  3534 | D:4      | Reached skill level 1 in Fighting
  3546 | Temple   | Entered the Ecumenical Temple
  3634 | Temple   | Became a worshipper of Cheibriados the Contemplative
  3686 | D:4      | Noticed a lemure
  3744 | D:4      | Noticed Robin
  3766 | D:4      | Killed Robin
  4036 | D:4      | Noticed a lemure
  4044 | D:4      | Killed a lemure
  4092 | D:4      | Noticed Pikel
  4102 | D:4      | Killed Pikel
  4103 | D:4      | Reached skill level 3 in Spellcasting
  4103 | D:4      | Reached XP level 6. HP: 30/43 MP: 1/11
  4103 | D:4      | Gained mutation: Your demonic aura sometimes causes spilled
                  | blood to erupt in flames. [demonic ancestry]
  4103 | D:4      | Reached XP level 7. HP: 34/48 MP: 1/12
  4965 | D:4      | Reached skill level 4 in Spellcasting
  5043 | D:4      | Learned a level 4 spell: Flame Wave
  5076 | D:5      | Entered Level 5 of the Dungeon
  5417 | D:5      | Reached * piety under Cheibriados
  5501 | D:5      | Gained mutation: You are mostly covered in large bone
                  | plates. (SH +6) [demonic ancestry]
  5501 | D:5      | Reached XP level 8. HP: 47/56 MP: 0/14
  5654 | D:5      | Reached skill level 5 in Fire Magic
  6282 | D:5      | Reached skill level 5 in Slings
  6282 | D:5      | Reached skill level 5 in Spellcasting
  6674 | D:5      | Learned a level 2 spell: Ensorcelled Hibernation
  7721 | D:6      | Gained mutation: You have a pair of small antennae on your
                  | head. [demonic ancestry]
  7721 | D:6      | Reached XP level 9. HP: 62/62 MP: 14/17
  7793 | D:6      | Learned a level 3 spell: Tukima's Dance
  7798 | D:6      | Learned a level 4 spell: Anguish
  7806 | D:6      | Identified a scroll of acquirement
  7806 | D:6      | Acquired the +2 cloak of the Thief {*Fog Slay-2 SInv
                  | Stlth+}
  7806 | D:6      | Found the +2 cloak of the Thief {*Fog Slay-2 SInv Stlth+}
  7856 | D:7      | Reached skill level 6 in Spellcasting
  7954 | D:7      | Reached ** piety under Cheibriados
  8959 | D:8      | Found Loepeapt's Jewellery Shoppe.
  8969 | D:8      | Bought an amulet of regeneration for 360 gold pieces
  9842 | D:9      | Found an opulent altar of Gozag.
  9871 | D:9      | Reached skill level 7 in Spellcasting
 10295 | D:8      | Reached skill level 1 in Shields
 10614 | D:9      | Reached *** piety under Cheibriados
 10615 | D:9      | Reached XP level 10. HP: 68/70 MP: 8/21
 11935 | D:9      | Found a staircase to the Orcish Mines.
 11953 | D:9      | Learned a level 4 spell: Cause Fear
 11982 | D:9      | Reached **** piety under Cheibriados
 11983 | D:9      | Reached skill level 8 in Spellcasting
 12020 | D:10     | Entered Level 10 of the Dungeon
 12033 | D:10     | Noticed a two-headed ogre
 12038 | D:10     | Killed a two-headed ogre
 12076 | D:10     | Reached skill level 1 in Axes
 12221 | D:10     | Found the necklace of Bloodlust {*Rage Will++ Int-3 Slay+6}
 12257 | D:10     | Noticed a two-headed ogre
 12265 | D:10     | Killed a two-headed ogre
 12416 | D:10     | Noticed a sun demon
 12422 | D:10     | Reached XP level 11. HP: 22/77 MP: 7/23
 12847 | D:10     | Found a staircase to the Lair.
 12931 | D:10     | Reached skill level 9 in Spellcasting
 13255 | D:10     | Noticed Grum
 13269 | D:10     | Killed Grum
 13277 | D:10     | Reached ***** piety under Cheibriados
 13516 | D:10     | Found Ematho's Overcharged Wands.
 13693 | D:10     | Learned a level 6 spell: Simulacrum
 13738 | D:11     | Found Wour's Armour Emporium.
 13778 | D:11     | Found Uny Ucka's Weapon Shop.
 14311 | D:11     | Noticed a death knight
 14311 | D:11     | Noticed a skeletal warrior
 14420 | Lair:1   | Entered Level 1 of the Lair of Beasts
 14739 | Lair:1   | Reached skill level 10 in Spellcasting
 14812 | Lair:1   | Reached skill level 5 in Fighting
 15546 | Lair:2   | Found a staircase to the Shoals.
 15645 | Lair:2   | Gained mutation: Your demonic aura often causes spilled
                  | blood to erupt in flames. [demonic ancestry]
 15645 | Lair:2   | Reached XP level 12. HP: 86/86 MP: 15/26
 15832 | Lair:2   | Noticed an eight-headed hydra
 15840 | Lair:2   | HP: 1/86 [eight-headed hydra (5)]
 16406 | Lair:2   | Killed an eight-headed hydra
 17033 | Lair:2   | Learned a level 3 spell: Teleport Other
 17068 | Lair:3   | Reached ****** piety under Cheibriados
 17489 | Orc:1    | Entered Level 1 of the Orcish Mines
 17590 | Orc:1    | Found a runed translucent gate.
 17591 | Orc:1    | Found a runed translucent gate.
 17595 | Orc:1    | Found a runed translucent gate.
 17596 | Orc:1    | Noticed an orc warlord
 17598 | Orc:1    | Noticed Veisunni's ghost (journeyman MiFi)
 17598 | Orc:1    | Found the ring of the Octopus King {rCorr AC+1 EV+1 Str+1
                  | Int+1 Dex+1}
 17645 | Orc:2    | Entered Level 2 of the Orcish Mines
 17674 | Orc:2    | Found Lolor's Jewellery Emporium.
 17754 | Orc:2    | Bought the ring of Moral Flaws {MP+9 Dex+4} for 637 gold
                  | pieces
 17804 | Orc:2    | Found a staircase to the Elven Halls.
 17808 | Orc:2    | Noticed a two-headed ogre
 17810 | Orc:2    | Noticed a two-headed ogre
 17812 | Orc:2    | Noticed a two-headed ogre
 17820 | Orc:2    | Noticed an ogre mage
 17824 | Orc:2    | Killed a two-headed ogre
 17825 | Orc:2    | Reached skill level 11 in Spellcasting
 17826 | Orc:2    | Killed a two-headed ogre
 17827 | Orc:2    | Reached skill level 10 in Fire Magic
 17827 | Orc:2    | Noticed a two-headed ogre
 17830 | Orc:2    | Killed an ogre mage
 17830 | Orc:2    | Killed a two-headed ogre
 18306 | Orc:2    | Killed a two-headed ogre
 18365 | Orc:2    | Found a radiant altar of Vehumet.
 18445 | Orc:2    | Noticed Saint Roka
 18600 | D:10     | HP: 2/86 [phantasmal warrior[a death knight] (6)]
 18975 | D:11     | Gained mutation: You occasionally shout uncontrollably at
                  | your foes. [potion of mutation]
 18975 | D:11     | Gained mutation: You have hidden genetic potential. [potion
                  | of mutation]
 18989 | D:11     | Mangled by a death knight

Illustrated notes

Levels and vault maps discovered:
D:1:      amcnicky_arrival_abandoned_market, layout_loops_ring, serial_shops,
          nicolae_shop_advertising_works [nicolae_subvault_shop_adworks],
          nicolae_ecumenical_lake_church, minmay_door_square
D:2:      layout_basic
D:3:      minmay_thinvault, layout_basic
D:4:      layout_basic, minmay_temple_entry_grid, hangedman_decor_points,
          uniq_pikel, uniq_robin
D:5:      layout_gridville
D:6:      layout_basic, serial_glass, glass_columns_a, glass_columns_a,
          glass_columns_b, glass_columns_b, minmay_misc_feat_room
D:7:      statuecave_lemuel, layout_rooms
D:8:      nicolae_BIG_FREAKIN_CUBE, layout_basic, serial_shops, shop
D:9:      layout_roguey, mainiacjoe_overflow_chevrons, erik_orc_2
D:10:     minmay_recursive_quarters, layout_loops_ring, minmay_lair_entry_grove,
          nicolae_shop_overcharged_wands, uniq_grum
D:11:     layout_irregular_city, serial_shops, shop, shop, shop, serial_ice,
          serial_ice_d, serial_ice_j, serial_ice_g, serial_ice_n, serial_ice_c,
          serial_ice_f, serial_ice_a, hangedman_decor_clover_reticule,
          okawaru_altar_gauntlet_db
Temple:   mainiacjoe_temple_circle_huts
Lair:1:   layout_loops_ring, beast_lair_carwin_4, grunt_megastairs_2,
          infiniplex_staircase_pool
Lair:2:   layout_regular_city, elwin_shoals_entry_stream, basic_altar,
          grunt_megastairs_5
Lair:3:   layout_chaotic_city, minmay_snake_entry_six_corridors
Orc:1:    cheibrodos_orc_arena, layout_caves, biasface_ghost_orc_armoury,
          minmay_orc_keep
Orc:2:    st_orc_open, layout_diamond_mine, serial_shops, shop, basic_altar,
          kennysheep_orc_chapel, uniq_donald, uniq_saint_roka

Skill      XL: |  1  2  3  4  5  6  7  8  9 10 11 12 |
---------------+-------------------------------------+-----
Fire Magic     | 3 4 5 7 8 9 10 | 10.4
Stealth        | 2 3 |  3.9
Slings         | 1 2 4 6 7 8 9 |  9.9
Dodging        | 2 3 4 |  4.1
Fighting       | 1 2 3 4 5 |  5.7
Spellcasting   | 3 4 5 7 8 10 11 | 11.6
Shields        | 1 2 |  2.3
Conjurations   | 2 |  2.4
Axes           | 2 |  2.7
Throwing       | |  0.3
Armour         | |  0.3
Hexes          | |  0.9
Ice Magic      | |  0.9
Evocations     | |  0.2

Action                   |  1- 3 |  4- 6 |  7- 9 | 10-12 || total
-------------------------+-------+-------+-------+-------++-------
Melee: Dagger            |     6 |       |       |       ||     6
       War axe           |       |     1 |       |    35 ||    36
       Punch             |       |       |       |     1 ||     1
 Fire: Hunting sling     |    54 |    84 |   195 |   304 ||   637
Throw: Dart              |       |       |       |     1 ||     1
       Throwing net      |       |       |       |     1 ||     1
 Cast: Foxfire           |    49 |       |     7 |    82 ||   138
       Scorch            |     4 |    19 |   101 |   174 ||   298
       Flame Wave        |       |       |       |     5 ||     5
       Cause Fear        |       |       |       |     3 ||     3
       Ensorcelled Hiber |       |       |       |     2 ||     2
       Tukima's Dance    |       |       |       |     1 ||     1
       Anguish           |       |       |       |     1 ||     1
Invok: Temporal Distorti |       |       |       |     1 ||     1
Evoke: Wand              |       |       |       |     4 ||     4
  Use: Scroll            |       |       |    20 |     4 ||    24
       Potion            |       |       |       |    14 ||    14
 Stab: Sleeping          |     2 |       |       |       ||     2
Armor: Robe              |    10 |    11 |    27 |    69 ||   117
       Troll leather arm |       |       |       |     4 ||     4
Dodge: Dodged            |    22 |    21 |    59 |   192 ||   294
Block: Other             |       |     7 |    31 |    79 ||   117
